 Dungeon Crawl Stone Soup version 0.28.0-53-g5a82cb258f (webtiles) character file.

Game seed: 8399602511517277398

211 dvaradkin the Firebug (level 5, -4/32 HPs)
             Began as a Gargoyle Fire Elementalist on June 19, 2022.
             Slain by a scorpion (8 damage)
             ... on level 2 of the Dungeon.
             The game lasted 00:40:24 (3781 turns).

dvaradkin the Firebug (Gargoyle Fire Elementalist)  Turns: 3781, Time: 00:40:24

Health: -4/32      AC:  6    Str: 11    XL:     5   Next: 88%
Magic:  7/9        EV: 11    Int: 18    God:
Gold:   10         SH:  0    Dex: 10    Spells: 8/9 levels left

rFire   . . .      SeeInvis .   c - +0 whip
rCold   . . .      Faith    .   (no shield)
rNeg    + . .      Spirit   .   a - +0 robe
rPois   ∞          Reflect  .   (no helmet)
rElec   +          Harm     .   (no cloak)
rCorr   .          Rampage  .   (no gloves)
Will    .....                   (no boots)
Stlth   ++........              (no amulet)
HPRegen 0.10/turn               (no ring)
MPRegen 0.11/turn               (no ring)

@: no status effects
A: sickness immunity, AC +4, negative energy resistance 1, electricity
resistance, torment resistance 1, petrification resistance
a: no special abilities


You were on level 2 of the Dungeon.
You visited 1 branch of the dungeon, and saw 3 of its levels.

You collected 62 gold pieces.
You spent 52 gold pieces at shops.

Inventory:

Hand Weapons
 b - a +0 dagger
 c - a +0 whip (weapon)
 d - a +0 hunting sling
 h - a +0 short sword
Missiles
 g - 29 stones
Armour
 a - a +0 robe (worn)
Scrolls
 e - 2 scrolls of identify
Potions
 f - a potion of brilliance {unknown}


   Skills:
 + Level 2.8 Fighting
 + Level 2.5 Maces & Flails
 - Level 1.5 Dodging
 - Level 2.1 Stealth
 - Level 2.7 Spellcasting
 - Level 2.5 Conjurations
 - Level 3.7 Fire Magic


You had 8 spell levels left.
You knew the following spells:

 Your Spells              Type           Power      Damage    Failure   Level
a - Foxfire               Conj/Fire      52%        2x1d6     4%          1

Your spell library contained the following spells:

 Spells                   Type           Power      Damage    Failure   Level
 Scorch                   Fire           30%        2d6       5%          2
 Conjure Flame            Conj/Fire      13%        6-21      14%         3
 Animate Skeleton         Necr           4%         N/A       17%         1
 Pain                     Necr           8%         1d4       17%         1
 Inner Flame              Hex/Fire       9%         N/A       24%         3
 Corpse Rot               Necr/Air       4%         N/A       26%         2
 Poisonous Vapours        Pois/Air       4%         N/A       26%         2
 Flame Wave               Conj/Fire      13%        2d6       41%         4
 Frozen Ramparts          Ice            4%         1d2       45%         3
 Vampiric Draining        Necr           2%         2d6       45%         3
 Ice Form                 Ice/Tmut       2%         N/A       86%         4
 Summon Ice Beast         Ice/Summ       2%         N/A       86%         4


Dungeon Overview and Level Annotations

Branches:
Dungeon (3/15)

Altars:

Shops:
D:1 *   D:2 *(?

Annotations:
D:3 Pargi, Sigmund


Innate Abilities, Weirdness & Mutations

You are immune to sickness and miasma.
Your stone body is resilient. (AC +4)
You are immune to poison.
You resist negative energy. (rN+)
You are resistant to electric shocks. (rElec)
You are resistant to unholy torment.
You are immune to petrification.


Message History

The scorpion stings you. The scorpion stings you.
You are too injured to fight recklessly!
You are too injured to fight recklessly!
The scorpion closely misses you.
The scorpion stings you but does no damage.
You are too injured to fight recklessly!
You are too injured to fight recklessly!
Casting: Foxfire (safe; 4% risk of failure)
Press: ? - help, Q - select action, (/) - cycle Dir - look around, f - activate You conjure some foxfire!
The scorpion stings you but does no damage.
The foxfire hits the scorpion.
The scorpion is moderately wounded.
The foxfire hits the scorpion but does no damage.
The scorpion is moderately wounded.
Casting: Foxfire (safe; 4% risk of failure)
Press: ? - help, Q - select action, (/) - cycle Dir - look around, f - activate You conjure some foxfire!
The scorpion barely misses you. The scorpion stings you.
* * * LOW HITPOINT WARNING * * *
The foxfire hits the goblin.
You kill the goblin!
The foxfire hits the scorpion.
The scorpion is moderately wounded.
Okay, then.
Casting: Foxfire (safe; 4% risk of failure)
Press: ? - help, Q - select action, (/) - cycle Dir - look around, f - activate You conjure some foxfire!
The scorpion stings you but does no damage.
The scorpion stings you.
* * * LOW HITPOINT WARNING * * *
The foxfire hits the scorpion.
The scorpion is moderately wounded.
The foxfire hits the scorpion but does no damage.
The scorpion is moderately wounded.
The scorpion stings you.
* * * LOW HITPOINT WARNING * * *
The scorpion stings you!
You die...

..######............#+#..#
...............####......#
..######.......#..#......##
###
#.......#..#.......#######
#....<.....#.....#.......#
#.......#.##..............
###.#.#.#....######......#
#.....###########.....∩#
###.#.s@............###.
#.#.###########...# #.
#..........# ##).# #.
###........# #..# #.
#........#####..# #.
#........##.....# #.
#........##.#.#.# #.
#........##.#.#.###.
#........#......#...


You could see a scorpion.

Vanquished Creatures
  A scorpion (D:2)
  5 gnolls
  5 adders (D:2)
  A worm (D:2)
  An endoplasm (D:1)
  3 giant cockroaches
  9 goblins
  3 hobgoblins (D:2)
  4 jackals (D:1)
  5 quokkas
  3 ball pythons (D:1)
  6 bats
  7 frilled lizards
  3 kobolds
  5 rats
61 creatures vanquished.

Vanquished Creatures (others)
  149 foxfires
149 creatures vanquished.

Grand Total: 210 creatures vanquished

Notes
Turn   | Place    | Note
-------+----------+-------------------------------------------
     0 | D:1      | dvaradkin the Gargoyle Fire Elementalist began the quest
                  | for the Orb.
     0 | D:1      | Reached XP level 1. HP: 10/10 MP: 3/3
   416 | D:1      | Reached XP level 2. HP: 15/15 MP: 3/5
   752 | D:1      | Found Faamyoli's Assorted Antiques.
   784 | D:1      | Found a faded altar of an unknown god.
  1360 | D:1      | Reached XP level 3. HP: 19/19 MP: 1/6
  2210 | D:2      | Reached XP level 4. HP: 24/24 MP: 4/8
  2294 | D:2      | Found Qoaka's Magic Scroll Emporium.
  2297 | D:2      | Bought a scroll of identify for 26 gold pieces
  2362 | D:2      | Found Himageuc's Antique Weapon Emporium.
  2384 | D:2      | Reached skill level 1 in Fighting
  2384 | D:2      | Reached skill level 1 in Maces & Flails
  2419 | D:2      | Noticed a scorpion
  2427 | D:2      | Killed a scorpion
  2428 | D:2      | Reached XP level 5. HP: 25/30 MP: 0/9
  2852 | D:2      | Found Ismeith's General Store.
  3322 | D:2      | Bought a scroll of identify for 26 gold pieces
  3509 | D:3      | Noticed Pargi
  3590 | D:3      | Noticed Sigmund
  3781 | D:2      | Slain by a scorpion

Illustrated notes

Levels and vault maps discovered:
D:1:      eino_arrival_cavern_a, layout_basic,
          hellmonk_ecumenical_altar_inner_sanctum, serial_shops,
          nicolae_shop_advertising_works [nicolae_subvault_shop_adworks]
D:2:      layout_basic, serial_shops, shop, nicolae_shop_crystal, shop
D:3:      layout_loops_ring, fedhas_altar_4, uniq_robin, uniq_pargi, uniq_ijyb,
          uniq_sigmund

Skill      XL: |  1  2  3  4  5 |
---------------+----------------+-----
Conjurations   | 2 |  2.5
Fighting       | 2 |  2.8
Maces & Flails | 1 2 |  2.5
Dodging        | |  1.5
Stealth        | |  2.1
Spellcasting   | |  2.7
Fire Magic     | |  3.7

Action                   |  1- 3 |  4- 6 || total
-------------------------+-------+-------++-------
Melee: Unarmed           |    13 |       ||    13
       Dagger            |    21 |       ||    21
       Whip              |       |   103 ||   103
       Punch             |       |     1 ||     1
 Cast: Foxfire           |    60 |    31 ||    91
 Stab: Sleeping          |       |     1 ||     1
Armor: Robe              |    29 |    58 ||    87
Dodge: Dodged            |    51 |    89 ||   140
